 Dungeon Crawl Stone Soup version 0.32-a0-136-gc02482bde3 (webtiles) character file.

Game seed: 14441577179525797783

5254 croobank the Nimble (level 10, -8/53 HPs)
             Began as a Felid Summoner on Feb 10, 2024.
             Was a Believer of Kikubaaqudgha.
             Killed by divine providence
             ... invoked by an orc priest
              (15 damage)
             ... on level 9 of the Dungeon.
             The game lasted 00:37:50 (13201 turns).

croobank the Nimble (Felid Summoner)               Turns: 13201, Time: 00:37:50

Health: -8/53      AC:  2    Str:  4    XL:     10   Next: 36%
Magic:  9/20       EV: 26    Int: 29    God:    Kikubaaqudgha [**....]
Gold:   96         SH:  0    Dex: 23    Spells: 3/21 levels left
                                        Lives:  0   Deaths: 4

rFire   . . .        (weapon unavailable)
rCold   . . .        (shield unavailable)
rNeg    . . .        (body armour unavailable)
rPois   .            (helmet unavailable)
rElec   .            (cloak unavailable)
rCorr   .            (gloves unavailable)
SInv    +            (boots unavailable)
Will    +....        (no amulet)
Stlth   +++          f - +6 ring of dexterity
HPRegen 0.28/turn    u - +6 ring of intelligence
MPRegen 0.17/turn

%: no passive effects
@: inugami summoned
A: very small, claws 1, fangs 3, see invisible, shaggy fur 2, stealthy paws, no
weapons or thrown items, no armour, multi-lived
a: Renounce Religion, Unearth Wretches


You were on level 9 of the Dungeon.
You worshipped Kikubaaqudgha.
Kikubaaqudgha was pleased with you.
You visited 2 branches of the dungeon, and saw 10 of its levels.
You visited the Abyss 1 time.

You collected 381 gold pieces.
You spent 285 gold pieces at shops.

Inventory:

Jewellery
 f - a +6 ring of dexterity (left paw)
 r - a +6 ring of dexterity
 u - a +6 ring of intelligence (right paw)
 A - an amulet of guardian spirit
Talismans
 b - a blade talisman
 x - a beast talisman
Wands
 a - a wand of roots (4)
 j - a wand of charming (17)
 n - a wand of flame (21)
 v - a wand of mindburst (2)
 y - a wand of acid (3)
Scrolls
 g - 2 scrolls of fog
 p - a scroll of fear
 q - a scroll of butterflies {unknown}
 s - a scroll of revelation
Potions
 c - 2 potions of lignification
 d - 3 potions of might
 e - a potion of brilliance
 h - a potion of haste
 i - 9 potions of curing
 k - a potion of invisibility
 l - 2 potions of heal wounds
 m - 2 potions of enlightenment
 o - a potion of mutation {unknown}
 t - a potion of berserk rage
 w - a potion of ambrosia
 z - a potion of attraction {unknown}


   Skills:
 + Level 6.6 Fighting
 + Level 9.2 Dodging
 - Level 4.8 Stealth
 + Level 6.4 Spellcasting
 + Level 7.9 Summonings
 * Level 0.0 Necromancy
 - Level 5.0 Fire Magic
 + Level 3.5 Air Magic


You had 3 spell levels left.
You knew the following spells:

 Your Spells              Type           Power      Damage    Failure   Level
a - Summon Small Mammal   Summ           100%       N/A       1%          1
b - Call Imp              Summ           100%       N/A       1%          2
c - Call Canine Familiar  Summ           53%        N/A       1%          3
d - Summon Blazeheart Go  Fire/Summ      46%        N/A       3%          4
e - Summon Lightning Spi  Summ/Air       42%        N/A       4%          4
f - Animate Dead          Necr           9%         N/A       47%         4

Your spell library contained the following spells:

 Spells                   Type           Power      Damage    Failure   Level
 Cigotuvi's Dreadful Rot  Necr/Alch/Air  32%        N/A       4%          2
 Necrotise                Necr           36%        1d5       5%          1
 Sublimation of Blood     Necr           9%         N/A       9%          2
 Mephitic Cloud           Conj/Alch/Air  16%        N/A       10%         3
 Dazzling Flash           Conj/Hex       18%        N/A       16%         3
 Gell's Gravitas          Tloc           9%         N/A       16%         3
 Teleport Other           Tloc           9%         N/A       16%         3
 Martyr's Knell           Necr/Summ      32%        N/A       11%         4
 Dispel Undead            Necr           9%         3d8       47%         4
 Olgreb's Toxic Radiance  Alch           9%         N/A       47%         4
 Silence                  Hex/Air        9%         N/A       58%         5
 Borgnjor's Vile Clutch   Necr/Erth      4%         N/A       83%         5
 Curse of Agony           Necr           9%         N/A       83%         5
 Death Channel            Necr           4%         N/A       100%        6
 Dispersal                Tloc           4%         N/A       100%        6
 Orb of Destruction       Conj           4%         9d5       100%        7
 Ozocubu's Refrigeration  Ice            4%         4d8       100%        7
 Spellforged Servitor     Conj/Summ      16%        N/A       100%        7
 Discord                  Hex            4%         N/A       100%        8


Dungeon Overview and Level Annotations

Branches:
Dungeon (9/15)             Temple (1/1) D:5
   Lair: D:8-11         Orc: D:9-12

Altars:
Ashenzari
Cheibriados
Dithmenos
Elyvilon
Gozag
Kikubaaqudgha
Makhleb
Okawaru
Ru
Sif Muna
Trog
Uskayaw
Vehumet
Wu Jian
Xom
Yredelemnul
Zin
The Shining One

Shops:
D:4 (   D:6 !

Annotations:
D:9 Jeremiah


Innate Abilities, Weirdness & Mutations

You have sharp claws.
You have razor-sharp teeth.
You have supernaturally acute eyesight. (SInv)
You are covered in thick fur. (AC +2)
Your paws help you pounce on unaware monsters.
You are incapable of wielding weapons or throwing items.
You cannot wear armour.
You gain extra lives every three experience levels.


Message History

Attack!
The butterfly disappears in a burst of colours!
Your cerulean imp hits Jeremiah with a +1 spear.
Jeremiah lets out a twisted cry.
Something smites you!
Your inugami hits the butterfly!
The butterfly dies!
The butterfly disappears in a burst of colours!
The butterfly disappears in a burst of colours!
An orc wizard comes into view. It is wielding a +0 dagger.
Jeremiah hits your blazeheart golem with a +4 trident of draining.
You scratch the butterfly.
You kill the butterfly!
The butterfly disappears in a burst of colours! x2
An orc comes into view. It is wielding a +4 flail.
Your inugami hits Jeremiah.
The orc wizard points at you and mumbles some strange words.
You resist with almost no effort.
Jeremiah hits your blazeheart golem with a +4 trident of draining!
Your blazeheart golem's core flares to life once more.
Your cerulean imp misses the butterfly.
Your inugami hits Jeremiah.
Jeremiah cries, "Fearful master, protect me!"
Something smites you!
The orc priest invokes the aid of Beogh against you.
Beogh smites you!
* * * LOW HITPOINT WARNING * * *
Your blazeheart golem closely misses Jeremiah.
You swap places. 2 orcs come into view.
Your cerulean imp barely misses the butterfly.
The orc priest hits your cerulean imp with a +0 hand axe.
Jeremiah barely misses you.
You completely miss the butterfly. Your bite misses the butterfly.
Your cerulean imp hits the butterfly with a +1 spear.
The butterfly dies!
The butterfly disappears in a burst of colours!
Your blazeheart golem closely misses Jeremiah.
The orc priest calls down the wrath of Beogh upon you.
Beogh smites you!
You die...
Kikubaaqudgha rasps: You have failed me!
Welcome... death!

..b........ #......b...
.ob.#..$# ## .o.b.o#
##.. #obb.# #../ #bo5b#
##... ##.#Fb# w
..###....###..#9@# yy
..........#....h.###
...........<.Ib.b.####
. #....##......b......
.##...# #..>...b.......
......###.......####...
........#........# ...
#<...........#..... .#
#..#....###..#....#.


You could see Jeremiah (ally target), an orc priest, an orc wizard, 3 orcs, a
friendly lightning spire (summoned), a friendly blazeheart golem (summoned), a
friendly cerulean imp (summoned) and a friendly inugami (summoned).

Vanquished Creatures
  A two-headed ogre (D:7)
  The ghost of Scrimshaw the Insei, a novice OpSh (D:6)
  Psyche (D:8)
  An ice beast (D:6)
  A gnoll sergeant (D:6)
  A scorpion (D:7)
  4 wights
  Dowan (D:4)
  A hound (D:3)
  A quasit (D:6)
  Crazy Yiuf (D:5)
  An iguana (D:6)
  3 gnolls
  An adder (D:5)
  An ufetubus (D:5)
  2 dart slugs
  6 orcs
  A bat (D:3)
  3 endoplasms
  6 goblins
  2 hobgoblins
  2 jackals (D:3)
  A quokka (D:1)
  2 frilled lizards
  4 kobolds
  5 rats
54 creatures vanquished.

Vanquished Creatures (collateral kills)
  Joseph (D:7)
  Maggie (D:7)
  Sigmund (D:3)
  A wyvern (D:8)
  2 water moccasins
  An acid dragon (D:8)
  Duvessa (D:4)
  A sky beast (D:8)
  A phantom (D:6)
  4 centaurs
  2 kobold brigands (D:8)
  2 scorpions
  A bullfrog (D:8)
  4 wights
  2 nameless horrors
  4 howler monkeys
  A jelly (D:7)
  4 quasits (D:6)
  3 gnoll boudas
  7 orc priests
  2 hounds
  An iguana (D:5)
  A sleepcap (D:6)
  Terence (D:3)
  2 orc wizards (D:7)
  Ijyb (D:5)
  9 adders
  13 gnolls
  An ufetubus (D:5)
  3 ribbon worms
  8 dart slugs
  18 orcs
  5 ball pythons
  6 endoplasms
  2 giant cockroaches
  5 goblins
  3 hobgoblins
  A quokka (D:5)
  3 bats
  4 frilled lizards
  14 kobolds
  A rat (D:2)
148 creatures vanquished.

Vanquished Creatures (others)
  2 kobolds (D:8)
  23 blazeheart cores
25 creatures vanquished.

Grand Total: 227 creatures vanquished

Notes
Turn   | Place    | Note
-------+----------+-------------------------------------------
     0 | D:1      | croobank the Felid Summoner began the quest for the Orb.
     0 | D:1      | Reached XP level 1. HP: 9/9 MP: 4/4
   245 | D:1      | Reached XP level 2. HP: 14/14 MP: 6/6
   253 | D:1      | You fall into a shaft and drop 1 floor!
   257 | D:2      | Learned a level 2 spell: Call Imp
   358 | D:2      | Reached skill level 3 in Dodging
   435 | D:2      | Reached skill level 1 in Fighting
   630 | D:2      | Reached XP level 3. HP: 15/18 MP: 2/7
   634 | D:2      | Learned a level 3 spell: Call Canine Familiar
  1975 | D:2      | Reached XP level 4. HP: 17/22 MP: 5/8
  1975 | D:2      | Gained a life (2 lives remaining)
  2289 | D:3      | Noticed Terence
  2303 | D:3      | Killed Terence
  2625 | D:3      | Reached XP level 5. HP: 25/26 MP: 10/10
  2754 | D:3      | Reached skill level 4 in Dodging
  3310 | D:4      | Noticed Dowan
  3819 | D:4      | Found Fyhysh's Antique Weapon Shoppe.
  3969 | D:4      | Gained mutation: You are covered in thick fur. (AC +2)
                  | [Felid growth]
  3969 | D:4      | Reached XP level 6. HP: 32/32 MP: 3/11
  3974 | D:4      | Learned a level 4 spell: Summon Blazeheart Golem
  4118 | D:4      | Noticed Sigmund
  4125 | D:4      | Noticed a nameless horror
  4135 | D:4      | Slain by a nameless horror
  4135 | D:4      | Lost a life (1 life remaining)
  4255 | D:4      | Reached skill level 1 in Fire Magic
  4295 | D:4      | Slain by a nameless horror
  4295 | D:4      | Lost a life (0 lives remaining)
  4347 | D:5      | Entered Level 5 of the Dungeon
  4540 | D:5      | Noticed Ijyb
  4554 | D:5      | Killed Ijyb
  4636 | D:5      | Found a staircase to the Ecumenical Temple.
  4844 | Temple   | Entered the Ecumenical Temple
  4857 | Temple   | Became a worshipper of Kikubaaqudgha
  4895 | D:5      | Reached XP level 7. HP: 35/35 MP: 12/12
  4895 | D:5      | Gained a life (1 life remaining)
  4898 | D:5      | Identified the +5 hand axe of Mearutuggu {pain, rCorr}
  5243 | D:5      | Found a radiant altar of Vehumet.
  5247 | D:5      | Found a hide-covered altar of Uskayaw.
  5255 | D:5      | Found a shimmering altar of Xom.
  5261 | D:5      | Found a bloodstained altar of Trog.
  5341 | D:5      | Found a runed translucent door.
  5342 | D:5      | Noticed Crazy Yiuf
  5413 | D:5      | Killed Crazy Yiuf
  5570 | D:5      | Found a white marble altar of Elyvilon.
  6114 | D:4      | Noticed Duvessa
  6428 | D:3      | Killed a nameless horror
  6685 | D:3      | HP: 1/35 [Sigmund/magic dart (10)]
  6705 | D:3      | Killed from afar by Sigmund
  6705 | D:3      | Lost a life (0 lives remaining)
  6753 | D:3      | Killed Sigmund
  6754 | D:3      | Reached skill level 5 in Fire Magic
  6754 | D:3      | Reached skill level 5 in Summonings
  6997 | D:4      | Killed Duvessa
  7024 | D:4      | Killed Dowan
  7025 | D:4      | Reached skill level 5 in Dodging
  7505 | D:5      | Reached XP level 8. HP: 15/40 MP: 9/14
  7934 | D:6      | Found Wialus None's Distillery.
  8398 | D:6      | Found a transporter.
  8411 | D:6      | Noticed Scrimshaw's ghost (novice OpSh)
  8466 | D:6      | Found a transporter.
  8472 | D:6      | Reached skill level 6 in Dodging
  8475 | D:6      | Killed Scrimshaw's ghost
  8547 | D:6      | Found an opulent altar of Gozag.
  8799 | D:6      | Reached * piety under Kikubaaqudgha
  8799 | D:6      | Received a gift from Kikubaaqudgha
  8800 | D:6      | Reached skill level 7 in Dodging
  8800 | D:6      | Reached XP level 9. HP: 36/46 MP: 12/17
  8817 | D:6      | Reached skill level 5 in Fighting
  8817 | D:6      | Reached skill level 5 in Spellcasting
  9527 | D:6      | Learned a level 4 spell: Summon Lightning Spire
  9694 | D:6      | Bought a potion of heal wounds for 75 gold pieces
  9694 | D:6      | Bought a potion of curing for 45 gold pieces
  9694 | D:6      | Bought a potion of berserk rage for 75 gold pieces
  9694 | D:6      | Bought 2 potions of curing for 90 gold pieces
 10016 | D:7      | Reached skill level 1 in Air Magic
 10029 | D:7      | Noticed a two-headed ogre
 10684 | D:7      | Noticed Maggie
 10752 | D:7      | Killed Maggie
 10753 | D:7      | Reached skill level 8 in Dodging
 10756 | D:7      | Killed a two-headed ogre
 10978 | D:7      | Found a sacrificial altar of Ru.
 11258 | D:7      | Found an iron altar of Okawaru.
 11326 | D:7      | Reached XP level 10. HP: 41/53 MP: 10/20
 11326 | D:7      | Gained a life (1 life remaining)
 11576 | D:7      | Noticed Joseph
 11587 | D:7      | Shot with a sling bullet by Joseph
 11587 | D:7      | Lost a life (0 lives remaining)
 11637 | D:7      | Killed Joseph
 12015 | D:8      | Found a snail-covered altar of Cheibriados.
 12064 | D:8      | Noticed Psyche
 12082 | Abyss:1  | Cast into level 1 of the Abyss (Psyche)
 12112 | D:8      | Escaped the Abyss
 12146 | D:8      | Killed Psyche
 12146 | D:8      | Reached ** piety under Kikubaaqudgha
 12147 | D:8      | Reached skill level 9 in Dodging
 12985 | D:8      | Learned a level 4 spell: Animate Dead
 13177 | D:9      | Found a burning altar of Makhleb.
 13179 | D:9      | Noticed Jeremiah
 13201 | D:9      | Killed from afar by an orc priest

Illustrated notes

Levels and vault maps discovered:
D:1:      minmay_arrival_three_doors, layout_loops_ring
D:2:      layout_loops_cross
D:3:      layout_loops_cross, minmay_misc_feat_rugged, uniq_terence
D:4:      kennysheep_slugbush, layout_basic, serial_shops, shop, uniq_duvessa,
          uniq_sigmund
D:5:      layout_cave_pools, minmay_overflow_temple_star_hex,
          minmay_temple_entry_purple_smoke,
          serial_library_hellmonk_double_dead_end, uniq_crazy_yiuf_cottage,
          uniq_ijyb
D:6:      layout_basic, grunt_gozag_statues, gammafunk_ghost_stat_death,
          nicolae_inconvenience_store
D:7:      layout_loops_ring, lemuel_tele_altar, nicolae_ru_sacrificial_ziggurat,
          serial_bayou_pond_e, uniq_maggie, uniq_joseph
D:8:      layout_basic, overflow_temple_1_default, uniq_psyche
D:9:      layout_cave_pools, grunt_temple_overflow_forces_of_nature,
          worldfamousw_hep_ancestral_shrine, bloody_makhleb,
          kennysheep_decorative_pillar, hive_lemuel, uniq_jeremiah
Temple:   nicolae_temple_two_arcs

Skill      XL: |  1  2  3  4  5  6  7  8  9 10 |
---------------+-------------------------------+-----
Stealth        | 3 4 |  4.8
Dodging        | 3 4 5 7 8 9 |  9.2
Fighting       | 1 2 3 4 6 |  6.6
Spellcasting   | 3 4 6 |  6.4
Fire Magic     | 3 5 |  5.0
Summonings     | 5 6 7 |  7.9
Air Magic      | 2 3 |  3.5

Action                     |  1- 3 |  4- 6 |  7- 9 | 10-12 || total
---------------------------+-------+-------+-------+-------++-------
  Melee: Unarmed           |    56 |    50 |    37 |    37 ||   180
         Bite              |     3 |     5 |     3 |     6 ||    17
         Punch             |     3 |     2 |     3 |     6 ||    14
   Cast: Summon Small Mamm |    29 |    28 |    32 |    11 ||   100
         Call Imp          |    14 |    17 |    23 |    11 ||    65
         Call Canine Famil |     6 |    16 |    20 |    13 ||    55
         Summon Blazeheart |       |     4 |    37 |    11 ||    52
         Summon Lightning  |       |       |     1 |     2 ||     3
  Evoke: Wand              |       |       |     1 |       ||     1
    Use: Scroll            |       |     4 |     8 |     5 ||    17
         Potion            |       |     2 |       |     3 ||     5
   Stab: Sleeping          |     5 |     5 |     4 |     3 ||    17
         Distracted        |     1 |     1 |     3 |     1 ||     6
 Armour: Skin              |    17 |    30 |    62 |    19 ||   128
  Dodge: Dodged            |    61 |   119 |   193 |    60 ||   433

Table legend: (Time is in decaauts)
 A = Elapsed time spent in this place.
 B = Non-inter-level travel time spent in this place.
 C = Inter-level travel time spent in this place.
 D = Time resting spent in this place.
 E = Time spent auto-exploring this place.
 F = Levels seen in this place.
 G = Mean time per level.
                   A        B        C        D        E       F      G
               +--------+--------+--------+--------+--------+-----+--------+
         Total |  13226 |  12941 |    285 |   4895 |   5619 |  11 | 1202.4 |
       Dungeon |  13173 |  12897 |    276 |   4895 |   5619 |   9 | 1463.7 |
        Temple |     22 |     13 |      9 |      0 |      0 |   1 |   22.0 |
         Abyss |     29 |     29 |      0 |      0 |      0 |   1 |   29.0 |
               +--------+--------+--------+--------+--------+-----+--------+

Top non-repeatable levels by time:
     D:3: 2598 daAuts
     D:5: 2306 daAuts
     D:6: 1824 daAuts
     D:4: 1506 daAuts
     D:7: 1481 daAuts
     D:8: 1315 daAuts
     D:1: 1105 daAuts
     D:2: 999 daAuts
     D:9: 35 daAuts
 Abyss:1: 29 daAuts
  Temple: 22 daAuts
